Description

This build order is really easy to execute. He is designed for beginner or new player who want a solid build order to improve and to reach a good level.

The english version is coming in some weeks :)

The goal is to play a safe early and mid game with cyclone/tank/banshee then to go on a Battlecruiser/mine army. This build can be done against Zerg, Terran or Protoss with almost no variation from Bronze to Master. The build is really strong.

Why i did this build order ?

  • Easy to do for beginner
  • Universal : Can be done against Zerg, Terran and Protoss
  • Easy to understand
  • Help you to improve your mechanics by focusing on macro
  • Macro oriented
  • Include scouting timing to help you learning how to scout
  • Can be done from bronze to master (I did a serie using only this)
  • Really powerfull with many strong timings

Few tips :

  • Try to follow the opening: rax expand => 1 reaper => marine => reactor. It's really safe
  • If you see a big all-in, just make more tanks before switching to banshee.
  • If you see a big zerg all-in: Do a faster wall in front of your natural expand
  • Your critical ressource is gas. Never forget to take them and take them fast
  • When you play BC/Mine: Mine should be in front of your army. Burrow them, back your army and come back again with your BC after mines shots

This build is designed to be good in late game. You can use it without adaptation until mid-diamond. In mid-diamond you should do some small adaptations like starting adapting against all-in like mass zerglings and Bbust.

VOD

https://youtu.be/zHQbmvbmm_8

Replay - TvX Easy Mech build order

Build Order

Get SALT Encoding   

  12  0:01  SCV  
  13  0:13  SCV  
  14  0:17  Supply Depot  
  14  0:25  SCV  
  15  0:38  SCV  
  15  0:40  Barracks  
  16  0:44  Refinery  
  16  0:50  SCV  
  17  1:03  SCV  
  18  1:15  SCV  
  19  1:27  Reaper  
  19  1:30  Orbital Command  
  20  1:43  Command Center  
  20  1:55  Supply Depot  
  20  1:58  SCV  
  20  1:59  Marine  
  22  2:10  SCV  
  23  2:16  Factory  
  23  2:21  Barracks Reactor  
  23  2:23  SCV  
  23  2:26  Refinery  
  25  2:41  Bunker  
  26  2:57  Orbital Command  
  26  3:04  Factory Tech Lab  
  27  3:08  Starport  
  27  3:10  Marine x2  
  31  3:28  Marine  
  31  3:29  Cyclone  
  31  3:33  Marine  
  38  3:46  Refinery x2  
  40  3:50  Starport Tech Lab  
  41  3:56  Supply Depot  
  44  4:06  Supply Depot  
  44  4:09  Siege Tank  
  46  4:17  Banshee  
  46  4:20  Supply Depot  
  46  4:23  Cloaking Field  
  53  4:41  Siege Tank  
  57  4:59  Armory  
  59  5:00  Banshee  
  62  5:11  Fusion Core  
  66  5:29  Command Center  
  68  5:40  Engineering Bay  
  68  5:49  Drilling Claws  
  69  5:53  Starport  
  70  5:59  Battlecruiser  
  79  6:17  Widow Mine  
  82  6:37  Armory  
  82  6:38  Widow Mine  
  82  6:39  Starport Tech Lab  
  86  6:43  Terran Ship Weapons Level 1  
  88  7:04  Battlecruiser  
  88  7:07  Orbital Command  
  96  7:09  Refinery x2  
  96  7:20  Starport  
  98  7:25  Battlecruiser  
  104  7:30  Terran Vehicle And Ship Armor Level 1  
  110  7:57  Starport Tech Lab  
  113  8:03  Command Center  
  113  8:08  Battlecruiser  
  113  8:09  Missile Turret  
  113  8:10  Command Center  
  122  8:18  Battlecruiser  
  130  8:24  Missile Turret x2  
  131  8:29  Missile Turret  
  134  8:36  Widow Mine x2  
  138  8:47  Battlecruiser  
  138  8:48  Command Center  
  146  8:58  Widow Mine x2  
  146  9:01  Refinery x2  
  152  9:12  Battlecruiser  
  158  9:19  Widow Mine x2  
  158  9:22  Battlecruiser  
  168  9:36  Terran Vehicle And Ship Armor Level 2  
  168  9:40  Widow Mine x2  
  168  9:45  Terran Ship Weapons Level 2  
  172  9:54  Planetary Fortress  
Spawning Tool Build Advisor. Get it on Overwolf

Go to:

Details

  • Created by: zuka      
  • Published on: Dec 08, 2018
  • Modified on: Dec 08, 2018
  • Patch: 4.7.1
  • Difficulty: Easy
Show
View Real Time Build Order
Export as new Build Order

Comments (0)

There are no comments. Be the first!

Create an account to comment!